 Dungeon Crawl Stone Soup version 0.28.0 (webtiles) character file.

Game seed: 3656601520041191236

31955 browni3141 the Fighter (level 13, 0/124 HPs)
             Began as a Minotaur Berserker on Feb 10, 2022.
             Was an Elder of Trog.
             Slain by a seven-headed hydra (5 damage)
             ... on level 3 of the Lair of Beasts.
             The game lasted 00:13:38 (15217 turns).

browni3141 the Fighter (Minotaur Berserker)        Turns: 15217, Time: 00:13:38

Health: 0/124      AC: 25    Str: 28    XL:     13   Next: 28%
Magic:  12/12      EV: 19    Int:  4    God:    Trog [****..]
Gold:   1543       SH:  0    Dex:  9    Spells: 12/12 levels left

rFire   + . .      SeeInvis .   Q - +0 battleaxe (vorpal)
rCold   . . .      Faith    .   (shield currently unavailable)
rNeg    . . .      Spirit   .   K - +2 plate armour {rF+}
rPois   .          Reflect  .   (helmet restricted)
rElec   .          Harm     .   w - +2 cloak {Stlth+}
rCorr   .          Rampage  .   a - +0 pair of gloves
Will    .....                   H - +0 pair of boots {Fly}
Stlth   ..........              (no amulet)
HPRegen 0.30/turn               R - +4 ring of evasion
MPRegen 0.13/turn               C - +4 ring of evasion

@: on berserk cooldown, flying, slowed, very slow
A: horns 2, retaliatory headbutt
a: Renounce Religion, Berserk, Trog's Hand, Brothers in Arms


You were on level 3 of the Lair of Beasts.
You worshipped Trog.
Trog was greatly pleased with you.
You visited 2 branches of the dungeon, and saw 15 of its levels.
You also visited: Ossuary and Bailey.

You collected 1622 gold pieces.
You spent 79 gold pieces at shops.

Inventory:

Hand Weapons
 Q - a +0 vorpal battleaxe (weapon)
Missiles
 O - a throwing net
Armour
 a - a +0 pair of gloves (worn)
 b - a +0 animal skin
 j - a +0 scale mail
 w - a +2 cloak of stealth (worn)
 z - a +0 chain mail
 H - a +0 pair of boots of flying (worn)
 K - a +2 plate armour of fire resistance (worn)
Jewellery
 y - a ring of positive energy
 C - a +4 ring of evasion (right hand)
 J - a ring of flight
 R - a +4 ring of evasion (left hand)
 S - a ring of protection from cold
 T - a ring of resist corrosion
 U - a +6 ring of strength
 X - a +6 ring of strength
Wands
 g - a wand of flame (40) (quivered)
 A - a wand of digging (5)
 I - a wand of iceblast (1)
 L - a wand of polymorph (3)
 M - a wand of paralysis (8)
 N - a wand of acid (7)
Scrolls
 e - a scroll of magic mapping
 f - 2 scrolls of amnesia
 i - a scroll of enchant armour
 k - 13 scrolls of teleportation
 l - 3 scrolls of enchant weapon
 q - a scroll of brand weapon
 r - 2 scrolls of immolation {unknown}
 t - 2 scrolls of blinking {unknown}
 B - 3 scrolls of fear {unknown}
 D - 2 scrolls of fog {unknown}
 P - 2 scrolls of vulnerability {unknown}
 W - a scroll of noise {unknown}
 Y - a scroll of identify
Potions
 c - 2 potions of mutation {unknown}
 d - 3 potions of lignification {unknown}
 m - a potion of haste {unknown}
 n - a potion of berserk rage {unknown}
 o - 7 potions of curing
 p - 8 potions of heal wounds {unknown}
 s - 2 potions of degeneration {unknown}
 u - a potion of attraction {unknown}
 v - a potion of brilliance {unknown}
 x - 2 potions of invisibility {unknown}
 E - a potion of cancellation {unknown}
 G - 3 potions of flight
 V - 2 potions of might {unknown}
Miscellaneous
 h - a condenser vane


   Skills:
 + Level 14.2 Fighting
 + Level 14.1 Axes
 + Level 13.8 Armour
 + Level 12.8 Dodging


You had 12 spell levels left.
You didn't know any spells.
Your spell library was empty.

Dungeon Overview and Level Annotations

Branches:
Dungeon (11/15)              Lair (4/6) D:11          Swamp (0/4) Lair:3
  Snake (0/4) Lair:3          Orc (0/2) D:9         Ossuary (visited)
 Bailey (visited)
 Temple: D:4-7

Altars:
Gozag
Nemelex Xobeh
Qazlal
Vehumet
Wu Jian
Yredelemnul

Shops:
D:4 *   D:5 =?(   D:11 !*


Innate Abilities, Weirdness & Mutations

You have a pair of horns on your head.
You reflexively headbutt those who attack you in melee.


Message History

The seven-headed hydra barely misses you.
The seven-headed hydra bites you but does no damage.
The seven-headed hydra bites you.
* * * LOW HITPOINT WARNING * * *
The seven-headed hydra barely misses you.
The seven-headed hydra misses you. x4; The seven-headed hydra bites you!
* * * LOW HITPOINT WARNING * * *
The seven-headed hydra bites you but does no damage.
The seven-headed hydra barely misses you.
You furiously retaliate!
You headbutt the seven-headed hydra. The seven-headed hydra misses you.
The seven-headed hydra bites you but does no damage.
The seven-headed hydra completely misses you.
The seven-headed hydra bites you but does no damage. x2
The seven-headed hydra misses you.
The seven-headed hydra bites you but does no damage.
The seven-headed hydra misses you.
The seven-headed hydra barely misses you.
The seven-headed hydra bites you but does no damage.
The seven-headed hydra closely misses you.
The seven-headed hydra bites you!
* * * LOW HITPOINT WARNING * * *
The seven-headed hydra misses you.
The seven-headed hydra closely misses you.
You furiously retaliate!
You headbutt the seven-headed hydra!
The seven-headed hydra closely misses you. x2
The seven-headed hydra bites you!
* * * LOW HITPOINT WARNING * * *
The seven-headed hydra bites you but does no damage.
The seven-headed hydra bites you!
* * * LOW HITPOINT WARNING * * *
The seven-headed hydra barely misses you.
You feel better. The seven-headed hydra misses you. x2
The seven-headed hydra bites you but does no damage. x2
The seven-headed hydra closely misses you.
The seven-headed hydra bites you.
* * * LOW HITPOINT WARNING * * *
The seven-headed hydra bites you but does no damage.
The seven-headed hydra bites you.
You die...

.................#
...##............##
.+###.............#
......####.......##
.⌠....# ##........#
......###........P#
.<..⌠..##P.......##
........##.......##
.⌠..........##.#@.#
....#.....#..##.D##
....#..⌠..####.#.#
.⌠...#......###..##
.....#.....## ##..#
....##......# #.##
.....##'..### ##.##
.#.####....# #...#
....# #....## ##.P#


You could see a seven-headed hydra.

Vanquished Creatures
  5 hydras
  A centaur warrior (D:9)
  3 death yaks (Lair:4)
  5 two-headed ogres
  Nergalle (Lair:2)
  2 orc knights
  3 cyclopes
  2 ugly things
  A cyclops (shapeshifter) (D:9)
  A manticore (D:11)
  2 black mambas (Lair:3)
  8 cane toads
  Maggie (Lair:2)
  5 komodo dragons
  3 polar bears
  A hornet (D:10)
  3 trolls
  Grinder (D:5)
  A meliai zombie (D:11)
  A shadow (D:11)
  A vampire (D:11)
  Eustachio (D:5)
  2 wyverns
  16 yaks
  4 basilisks
  A swamp worm (Lair:3)
  Edmund (D:5)
  4 nagas (Lair:3)
  2 vampire mosquitoes
  2 acid dragons
  5 water moccasins
  4 black bears
  A sky beast (D:6)
  12 orc warriors
  A hornet zombie (D:9)
  4 necrophages (D:10)
  3 ice beasts
  An ogre (D:7)
  A centaur (D:9)
  9 wolves
  2 phantoms (D:5)
  3 kobold brigands
  2 elf zombies (Ossuary)
  12 bullfrogs
  2 gnoll sergeants
  5 scorpions
  2 wyvern skeletons (D:7)
  5 killer bees
  8 wights
  6 electric eels
  5 howler monkeys
  7 centaur zombies
  2 bullfrog zombies
  6 hounds
  3 jellies
  8 orc priests
  Crazy Yiuf (D:6)
  3 human zombies
  A centaur skeleton (D:7)
  A gnoll shaman (D:7)
  4 iguanas
  11 orc wizards
  A killer bee zombie (D:4)
  3 hound zombies (Ossuary)
  5 mummies
  2 howler monkey zombies (D:9)
  12 gnolls
  4 adders
  A howler monkey skeleton (D:6)
  2 shadow imps
  A white imp (D:6)
  An ufetubus (D:5)
  3 adder zombies
  A dart slug (D:3)
  23 orcs
  A ball python (D:3)
  3 endoplasms (D:1)
  5 giant cockroaches
  5 hobgoblins
  24 kobolds
  2 quokkas (D:5)
  A frilled lizard (D:2)
  4 gnoll zombies (Ossuary)
  5 goblins
  6 goblin zombies (Ossuary)
  6 hobgoblin zombies (Ossuary)
  2 jackal zombies (Ossuary)
  2 kobold zombies (Ossuary)
  2 orc zombies (Ossuary)
  A quokka zombie (Ossuary)
  A rat (D:3)
353 creatures vanquished.

Vanquished Creatures (others)
  A kobold (Bailey)
  10 fungi
  5 plants
16 creatures vanquished.

Grand Total: 369 creatures vanquished

Notes
Turn   | Place    | Note
-------+----------+-------------------------------------------
     0 | D:1      | browni3141 the Minotaur Berserker began the quest for the
                  | Orb.
     0 | D:1      | Reached XP level 1. HP: 19/19 MP: 0/0
    54 | D:1      | Found a faded altar of an unknown god.
   345 | D:1      | Reached XP level 2. HP: 25/27 MP: 1/1
   679 | D:4      | Reached XP level 3. HP: 26/33 MP: 2/2
   834 | D:4      | Reached XP level 4. HP: 39/41 MP: 3/3
   839 | D:4      | Reached ** piety under Trog
   840 | D:4      | Found Fuaxus's General Store.
  1054 | D:4      | Noticed a scorpion
  1058 | D:4      | Killed a scorpion
  1059 | D:4      | Reached XP level 5. HP: 47/47 MP: 4/4
  1174 | D:4      | Identified the +10 mace of Majestic Conscience {pain, rN+
                  | Str-2 Stlth+}
  1417 | D:5      | Entered Level 5 of the Dungeon
  1417 | D:5      | Found Calapt's Magic Scroll Boutique.
  1420 | D:5      | Bought a scroll of identify for 28 gold pieces
  1452 | D:5      | Reached skill level 5 in Axes
  1461 | D:5      | Reached skill level 5 in Fighting
  1573 | D:5      | Noticed Grinder
  1573 | D:5      | Paralysed by Grinder for 4 turns
  1584 | D:5      | Reached XP level 6. HP: 56/56 MP: 5/5
  1584 | D:5      | Found Esoff's Weapon Shoppe.
  1587 | D:5      | Killed Grinder
  1654 | D:5      | Reached skill level 5 in Armour
  1654 | D:5      | Reached XP level 7. HP: 62/62 MP: 6/6
  1705 | D:5      | Found a sand-covered staircase.
  1730 | Ossuary  | Entered an ossuary
  1927 | Ossuary  | Reached skill level 5 in Dodging
  2312 | Ossuary  | Reached XP level 8. HP: 69/71 MP: 7/7
  2325 | Ossuary  | Reached *** piety under Trog
  2500 | D:5      | Noticed Edmund
  2508 | D:5      | Killed Edmund
  2823 | D:5      | Noticed Eustachio
  2845 | D:5      | Killed Eustachio
  3006 | D:5      | Found a sparkling altar of Nemelex Xobeh.
  3109 | D:5      | Found Qysa's Jewellery Emporium.
  3599 | D:6      | Reached XP level 9. HP: 76/81 MP: 8/8
  4049 | D:6      | Found a runed translucent door.
  4050 | D:6      | Noticed Crazy Yiuf
  4173 | D:6      | Killed Crazy Yiuf
  4378 | D:7      | Found a flagged portal.
  4387 | Bailey   | Entered a bailey
  4404 | Bailey   | Noticed an orc knight
  4425 | Bailey   | Killed an orc knight
  4747 | Bailey   | Reached XP level 10. HP: 83/91 MP: 9/9
  4766 | Bailey   | Reached **** piety under Trog
  6554 | D:9      | Reached skill level 10 in Fighting
  6555 | D:9      | Reached skill level 10 in Axes
  6921 | D:9      | Found a staircase to the Orcish Mines.
  6957 | D:9      | Reached skill level 10 in Armour
  7110 | D:9      | Noticed a two-headed ogre
  7111 | D:9      | Noticed a cyclops
  7111 | D:9      | Noticed a purple ugly thing
  7117 | D:9      | Killed a two-headed ogre
  7122 | D:9      | Killed a purple ugly thing
  7133 | D:9      | Killed a cyclops
  7134 | D:9      | Reached XP level 11. HP: 71/101 MP: 10/10
  7166 | D:9      | Noticed a centaur warrior
  7183 | D:9      | Killed a centaur warrior
  7609 | D:9      | Found an opulent altar of Gozag.
  7675 | D:9      | Reached skill level 10 in Dodging
  7945 | D:10     | Entered Level 10 of the Dungeon
  7974 | D:10     | Found a radiant altar of Vehumet.
  7992 | D:10     | Noticed a two-headed ogre
  8003 | D:10     | Killed a two-headed ogre
  8062 | D:10     | Found a stormy altar of Qazlal.
  8599 | D:10     | Found a basalt altar of Yredelemnul.
  8812 | D:10     | Found an ornate altar of the Wu Jian Council.
  8911 | D:11     | Noticed a two-headed ogre
  8914 | D:11     | Noticed a green ugly thing
  8921 | D:11     | Killed a two-headed ogre
  8926 | D:11     | Killed a green ugly thing
  8939 | D:11     | Found a staircase to the Lair.
  8989 | D:11     | Found Qenotaorch's Changing Room.
  9368 | D:11     | Noticed an orc knight
  9372 | D:11     | Noticed a two-headed ogre
  9396 | D:11     | Noticed a two-headed ogre
  9416 | D:11     | Noticed a two-headed ogre
  9425 | D:11     | Killed a two-headed ogre
  9426 | D:11     | Reached XP level 12. HP: 82/113 MP: 11/11
  9589 | D:11     | Killed a two-headed ogre
 10048 | D:11     | Found Vouhawef's Distillery.
 10056 | D:11     | Bought a potion of curing for 51 gold pieces
 10342 | Lair:1   | Entered Level 1 of the Lair of Beasts
 10353 | Lair:1   | Noticed a four-headed hydra
 10363 | Lair:1   | Killed a ten-headed hydra
 10480 | Lair:1   | Noticed a seven-headed hydra
 10485 | Lair:1   | Killed a nine-headed hydra
 10889 | Lair:1   | Noticed an eight-headed hydra
 10903 | Lair:1   | Killed a 13-headed hydra
 11200 | Lair:1   | Noticed a seven-headed hydra
 11207 | Lair:1   | Killed an eight-headed hydra
 11944 | Lair:2   | Noticed Nergalle
 11951 | Lair:2   | Killed Nergalle
 12481 | Lair:2   | Noticed Maggie
 12494 | Lair:2   | Killed Maggie
 13613 | Lair:3   | Noticed a five-headed hydra
 13621 | Lair:3   | Killed a nine-headed hydra
 13864 | Lair:3   | Reached XP level 13. HP: 123/123 MP: 12/12
 14702 | Lair:3   | Found a staircase to the Snake Pit.
 15071 | Lair:3   | Found a staircase to the Swamp.
 15215 | Lair:3   | HP: 2/124 [seven-headed hydra (12)]
 15217 | Lair:3   | Slain by a seven-headed hydra

Illustrated notes

Levels and vault maps discovered:
D:1:      ncdulo_lavacross, layout_basic,
          hellmonk_ecumenical_altar_inner_sanctum
D:2:      layout_basic
D:3:      layout_loops_ring, pf_just_have_faith, okawaru_altar_gauntlet_db,
          roderic_roman_lattice, minmay_cut_off
D:4:      layout_basic, minmay_temple_entry_statues, serial_shops, shop,
          columned_hall_lemuel, interstate_on_off, cheibrodos_gnoll_hut
D:5:      layout_rooms, nemelex_spade_bored_becter,
          nicolae_ossuary_entry_monument, serial_shops, nicolae_stop_n_shop_2,
          nicolae_stop_n_shop_2, nicolae_shop_hallway_stairs,
          minmay_misc_feat_alley, uniq_eustachio, uniq_grinder, uniq_edmund
D:6:      layout_cave_pools, grunt_ministairs_1, uniq_crazy_yiuf_cottage
D:7:      layout_cave_pools, enter_bailey_3, wad_floor_pattern_untrapped
D:8:      layout_basic
D:9:      minmay_the_grid_triangle_9x9_recursive_2_mashed
          [minmay_the_grid_triangle_9x9_prize_top_heavy,
          minmay_the_grid_triangle_9x9_limited_checkers,
          minmay_the_grid_triangle_9x9_checkered,
          minmay_the_grid_triangle_9x9_windchime], layout_irregular_city,
          mainiacjoe_overflow_boulevard, orc_0_dummy
D:10:     layout_cave_pods, fiery_altar_vehumet,
          lemuel_mausoleum_altar_yredelemnul,
          nicolae_wu_jian_immortal_techniques, grunt_qazlal_clouds
D:11:     minmay_clustersquares, layout_irregular_city, erik_lair_island,
          serial_shops, shop, nicolae_transmutations_shop
Lair:1:   layout_cave_pods, minivault_23, grunt_megastairs_2, lemuel_fruit_tree
Lair:2:   layout_cave_pods, lemuel_fruit_fields, infiniplex_staircase_pool_2,
          serial_bayou_shore_a, uniq_nergalle, uniq_maggie
Lair:3:   layout_chaotic_city, minmay_swamp_entry_worms,
          minmay_snake_entry_guardpost_large, gammafunk_lair_bear_cave,
          grunt_megastairs_3
Lair:4:   dreamdust_isle_of_ice, layout_hall_layers, guppyfry_lair_drakes

Skill      XL: |  1  2  3  4  5  6  7  8  9 10 11 12 13 |
---------------+----------------------------------------+-----
Fighting       | 4 5 6 7 9 10 12 13 14 | 14.2
Axes           | 4 5 6 7 9 10 12 13 14 | 14.1
Armour         | 3 4 5 7 9 10 12 13 | 13.8
Dodging        | 3 4 5 6 8 9 11 12 | 12.8

Action                   |  1- 3 |  4- 6 |  7- 9 | 10-12 | 13-15 || total
-------------------------+-------+-------+-------+-------+-------++-------
Melee: Hand axe          |    20 |       |       |       |       ||    20
       Headbutt          |     4 |     5 |    56 |    90 |    19 ||   174
       War axe           |    21 |    43 |   276 |     4 |       ||   344
       Punch             |       |       |     7 |       |       ||     7
       Battleaxe         |       |       |       |   490 |    86 ||   576
Invok: Berserk           |     2 |     4 |     6 |    24 |     1 ||    37
       Trog's Hand       |       |     1 |       |     3 |       ||     4
Evoke: Wand              |       |       |       |     8 |     2 ||    10
  Use: Scroll            |       |     2 |     1 |     3 |       ||     6
       Potion            |       |       |       |       |     1 ||     1
Armor: Animal skin       |     3 |       |       |       |       ||     3
       Scale mail        |     9 |    23 |   122 |       |       ||   154
       Chain mail        |       |       |    24 |    15 |       ||    39
       Plate armour      |       |       |       |   377 |    86 ||   463
Dodge: Dodged            |    33 |    41 |   213 |   456 |   169 ||   912
